 Dungeon Crawl Stone Soup version 0.22-a0-21-g9421e3f (webtiles) character file.

437 Lanoc the Chopper (level 7, -2/55 HPs)
             Began as a Formicid Chaos Knight on Jan 2, 2018.
             Killed from afar by an orc wizard (6 damage)
             ... with a magic dart
             ... on level 4 of the Dungeon.
             The game lasted 00:06:09 (2740 turns).

Lanoc the Chopper (Formicid Chaos Knight)           Turns: 2740, Time: 00:06:10

Health: -2/55      AC:  5    Str: 17    XL:     7   Next: 21%
Magic:  7/7        EV: 12    Int: 11    God:    Xom [.*....]
Gold:   130        SH:  3    Dex: 12    Spells: 6/6 levels left

rFire    . . .     SeeInvis +   a - +0 hand axe (chaos)
rCold    . . .     Gourm    +   q - +0 buckler
rNeg     . . .     Faith    .   b - +2 leather armour
rPois    .         Spirit   .   (helmet unavailable)
rElec    .         Reflect  .   (no cloak)
rCorr    .         Harm     .   (no gloves)
MR       .....                  (no boots)
Stlth    +.........             f - amulet of the gourmand
HPRegen  0.18/turn              (no ring)
MPRegen  0.10/turn              (no ring)

@: no status effects
A: permanent stasis, dig shafts and tunnels, four strong arms, antennae 3
a: Dig, Shaft Self, Renounce Religion


You were on level 4 of the Dungeon.
You worshipped Xom.
You were a plaything of Xom.
You were very full.

You visited 1 branch of the dungeon, and saw 4 of its levels.

You collected 130 gold pieces.

Inventory:

Hand Weapons
 a - a +0 hand axe of chaos (weapon)
 n - a +0 hunting sling
 o - a +0 battleaxe
Missiles
 j - 38 sling bullets
Armour
 b - a +2 leather armour (worn)
 q - a +0 buckler (worn)
Jewellery
 f - an amulet of the gourmand (around neck)
Scrolls
 d - 2 scrolls of fear {unknown}
 g - 2 scrolls of magic mapping {unknown}
 h - 2 scrolls of teleportation {unknown}
 i - a scroll of immolation {unknown}
 k - 3 scrolls of identify {unknown}
 m - a scroll of noise {unknown}
 s - a scroll of random uselessness {unknown}
 v - a scroll of remove curse
Potions
 e - a potion of magic
 l - a potion of curing
 p - a potion of heal wounds {unknown}
 r - a potion of haste {unknown}
 t - a potion of resistance {unknown}
 u - 2 potions of flight {unknown}
Comestibles
 c - 3 rations


   Skills:
 + Level 4.7 Fighting
 * Level 5.3 Axes
 + Level 4.0 Armour
 + Level 2.8 Dodging
 + Level 0.6 Shields


You had 6 spell levels left.
You didn't know any spells.

Dungeon Overview and Level Annotations

Branches:
Dungeon (4/15)
 Temple: D:4-7

Altars:
Fedhas
Qazlal
Ru
Zin


Innate Abilities, Weirdness & Mutations

You cannot be hasted, slowed, berserked, paralysed or teleported.
You can dig through walls and to a lower floor.
Your four strong arms can wield two-handed weapons with a shield.
You have a pair of large antennae on your head. (SInv)


Message History

The orc wizard hits you but does no damage.
The orc wizard hits you with a dagger.
* * * LOW HITPOINT WARNING * * *
It was a potion of magic.
Magic courses through your body.
Xom thinks this is hilarious!
The centaur hits you.
* * * LOW HITPOINT WARNING * * *
The orc wizard casts a spell at you. The magic dart hits you!
The orc wizard barely misses you. The centaur closely misses you.
The orc wizard hits you but does no damage.
It was a potion of curing.
You feel better.
Xom thinks this is hilarious!
The phantom misses you. The orc hits you.
* * * LOW HITPOINT WARNING * * *
The centaur barely misses you.
The orc wizard points at you and mumbles some strange words.
The magic dart hits you!
You die...
Xom giggles madly!

..........................
...# #......###>..........
....##......# ##..........
............## ######...##
?............# #.....
.............# #...##
.............# ##..#
.$........o..##### #...#
.........@o....... .....#.
....(.........#.# ..


You could see a phantom, a centaur, 2 orc wizards and 2 orcs.

Vanquished Creatures
  Sigmund (D:2)
  A wyvern (D:2)
  4 adders (D:3)
  An ooze (D:2)
  A worm (D:3)
  2 dart slugs (D:1)
  3 leopard geckos
  10 orcs
  4 bats
  3 giant cockroaches
  4 goblins
  5 hobgoblins
  10 jackals
  2 quokkas (D:3)
  A ball python (D:1)
  7 frilled lizards
  5 kobolds
  A leopard gecko skeleton (D:4)
  2 rats
67 creatures vanquished.

Notes
Turn   | Place    | Note
-------+----------+-------------------------------------------
     0 | D:1      | Lanoc the Formicid Chaos Knight began the quest for the Orb.
     0 | D:1      | Reached XP level 1. HP: 18/18 MP: 1/1
    24 | D:1      | Reached skill level 1 in Dodging
    91 | D:1      | Reached XP level 2. HP: 22/24 MP: 2/2
   314 | D:1      | XOM: divination: magic mapping
   428 | D:1      | Reached XP level 3. HP: 29/29 MP: 3/3
   845 | D:1      | XOM: mild Tmut miscast
   905 | D:1      | XOM: harmless Hex miscast
  1088 | D:2      | Noticed Sigmund
  1092 | D:2      | XOM: silly message
  1098 | D:2      | XOM: harmless Fire miscast
  1109 | D:2      | XOM: potion effect (curing)
  1110 | D:2      | Killed Sigmund
  1110 | D:2      | Reached skill level 4 in Axes
  1110 | D:2      | Reached XP level 4. HP: 37/37 MP: 4/4
  1110 | D:2      | Reached XP level 5. HP: 42/42 MP: 5/5
  1110 | D:2      | Reached XP level 6. HP: 48/48 MP: 6/6
  1280 | D:2      | Noticed a wyvern
  1280 | D:2      | a bullfrog changed into a wyvern
  1280 | D:2      | XOM: polymorph bullfrog -> wyvern
  1283 | D:2      | XOM: potion effect (might)
  1286 | D:2      | Killed a wyvern
  1286 | D:2      | Reached skill level 5 in Axes
  1326 | D:2      | XOM: harmless Summ miscast
  1387 | D:2      | XOM: harmless Necr miscast
  1458 | D:2      | XOM: divination: detect creatures
  1562 | D:2      | Found a glowing silver altar of Zin.
  1782 | D:2      | Found a sacrificial altar of Ru.
  1915 | D:3      | XOM: harmless Pois miscast
  1981 | D:3      | Reached XP level 7. HP: 51/55 MP: 7/7
  2039 | D:3      | Found a faded altar of an unknown god.
  2558 | D:3      | Found a blossoming altar of Fedhas.
  2559 | D:3      | Found a stormy altar of Qazlal.
  2734 | D:4      | XOM: polymorph worker ant -> centaur
  2740 | D:4      | Killed from afar by an orc wizard

Vault maps used:
D:1:      tarquinn_simple_flora_water_b
D:2:      lemuel_doored_altar, nicolae_ru_path_of_blood, uniq_sigmund
D:3:      grunt_temple_overflow_forces_of_nature, first_ration,
          chequers_ecumenical_altar_island, minmay_misc_feat_hallway,
          grunt_ministairs_12
D:4:      minmay_temple_entry_nine_rooms

Skill      XL: |  1  2  3  4  5  6  7 |
---------------+----------------------+-----
Dodging        | 1 2 |  2.8
Fighting       | 4 |  4.7
Axes           | 4 5 |  5.3
Armour         | 3 4 |  4.0
Shields        | |  0.6

Action                   |  1- 3 |  4- 6 |  7- 9 || total
-------------------------+-------+-------+-------++-------
Melee: Hand axe          |    75 |    46 |    96 ||   217
  Use: Scroll            |     1 |     1 |       ||     2
       Potion            |       |       |     2 ||     2
 Stab: Paralysed         |     2 |       |       ||     2
  Eat: Chunk             |     7 |     8 |     1 ||    16
Armor: Leather armour    |    27 |    16 |    23 ||    66
Dodge: Dodged            |    49 |    26 |    58 ||   133
Block: Buckler           |       |       |    16 ||    16

Table legend:
 A = Spawn XP
 B = Non-spawn XP
 C = Spawn XP percentage of total XP
 D = Spawn monster count
 E = Non-spawn monster count
 F = Spawn count percentage of total count
 G = Total turns spent on level
                    A         B        C        D         E        F      G
               +---------+---------+-------+---------+---------+-------+---------
         Total |       0 |     625 |   0.0 |       0 |      67 |   0.0 |  2740
               +---------+---------+-------+---------+---------+-------+---------
           D:1 |       0 |      41 |   0.0 |       0 |      20 |   0.0 |   983
           D:2 |       0 |     463 |   0.0 |       0 |      11 |   0.0 |   817
           D:3 |       0 |     112 |   0.0 |       0 |      32 |   0.0 |   889
           D:4 |       0 |       9 |   0.0 |       0 |       4 |   0.0 |    51
               +---------+---------+-------+---------+---------+-------+---------
